 Seeded DCSS version 0.30.1-6-gbe392663c4 (webtiles) character file.

Game seed: 1416809328348268147 (custom seed)

74 Psyclone the Conjurer (level 4, -1/24 HPs)
             Began as a Deep Elf Conjurer on Sept 21, 2023.
             Slain by a gnoll
             ... wielding a +0 spear
              (8 damage)
             ... on level 5 of the Dungeon.
             The game lasted 00:04:39 (1018 turns).

Psyclone the Conjurer (Deep Elf Conjurer)           Turns: 1018, Time: 00:04:40

Health: -1/24      AC:  3    Str:  4    XL:     4   Next: 10%
Magic:  0/10       EV:  6    Int: 31    God:
Gold:   105        SH:  0    Dex: 13    Spells: 3/9 levels left

rFire   . . .        g - +0 dagger
rCold   . . .        (no shield)
rNeg    . . .        a - +0 robe
rPois   .            i - +0 helmet
rElec   .            (no cloak)
rCorr   .            (no gloves)
SInv    .            (no boots)
Will    .....        (no amulet)
Stlth   ++           d - +6 ring of intelligence
HPRegen 0.24/turn    (no ring)
MPRegen 0.12/turn

%: no passive effects
@: held
A: no striking features
a: no special abilities


You were on level 5 of the Dungeon.
You visited 1 branch of the dungeon, and saw 5 of its levels.

You collected 105 gold pieces.

Inventory:

Hand Weapons
 g - a +0 dagger (weapon)
Armour
 a - a +0 robe (worn)
 i - a +0 helmet (worn)
Jewellery
 d - a +6 ring of intelligence (left hand)
Scrolls
 c - 6 scrolls of identify {unknown}
 e - a scroll of enchant armour {unknown}
Potions
 b - a potion of magic
 f - a potion of lignification {unknown}
 h - a potion of experience {unknown}
 j - a potion of haste {unknown}


   Skills:
 - Level 2.4 Dodging
 - Level 2.4 Stealth
 - Level 3.0 Spellcasting
 + Level 6.2 Conjurations


You had 3 spell levels left.
You knew the following spells:

 Your Spells              Type           Power      Damage    Failure   Level
a - Magic Dart            Conj           100%       1d8       1%          1
b - Searing Ray           Conj           86%        2d7       1%          2
c - Dazzling Flash        Conj/Hex       48%        N/A       5%          3

Your spell library contained the following spells:

 Spells                   Type           Power      Damage    Failure   Level
 Fulminant Prism          Conj/Hex       12%        3d9       19%         4
 Iskenderun's Mystic Bla  Conj/Tloc      24%        2d7       19%         4


Dungeon Overview and Level Annotations

Branches:
Dungeon (5/15) Zot: 26968
 Temple: D:4-7

Altars:


Message History

Casting: Magic Dart (safe; 1% risk of failure)
Confirm with . or Enter, or press ? or * to list all spells.
Aiming: Searing Ray (safe; 1% risk of failure)
Press: ? - help, Shift-Dir - straight line, f/p - gnoll
Aim: a gnoll, wielding a +0 halberd (lightly wounded, 84% to hit)
The searing ray hits the gnoll.
The gnoll is severely wounded. (Press . to maintain the ray.)
The gnoll hits you from afar with a +0 halberd!
Ouch! That really hurt!
You take 10 damage, and have 9/19 hp.
MASSIVE DAMAGE!!
You now have 3/9 mp.
The searing ray hits the gnoll!
You kill the gnoll!
You have reached level 4!
You feel clever.
You regained 3 hp, and now have 12/24 hp.
You now have 2/10 mp.
The gnoll shouts!
Casting: Searing Ray (safe; 1% risk of failure)
Confirm with . or Enter, or press ? or * to list all spells.
Aiming: Searing Ray (safe; 1% risk of failure)
Press: ? - help, Shift-Dir - straight line, f - gnoll
Aim: a gnoll, wielding a +0 spear and quivering a throwing net (84% to hit)
The searing ray misses the gnoll. (Press . to maintain the ray.)
The gnoll throws a throwing net.
The throwing net hits you.
You become entangled in the net!
You now have 1/10 mp.
The searing ray hits the gnoll.
The gnoll is moderately wounded.
You now have 0/10 mp.
You struggle against the net.
The gnoll hits you from afar with a +0 spear!
* * * LOW HITPOINT WARNING * * *
You take 7 damage, and have 7/24 hp.
MASSIVE DAMAGE!!
You tear a large gash into the net.
The gnoll hits you from afar with a +0 spear.
* * * LOW HITPOINT WARNING * * *
You struggle against the net.
The gnoll hits you from afar with a +0 spear!
You die...

######.##
#.@<....#
#.#######
#g##....#
#....##..
####.#.[...
#...).......
#.####...###
#.# .....#
#.. #.#.#


You could see a gnoll.

Vanquished Creatures
  An iguana (D:4)
  2 gnolls (D:5)
  An adder (D:2)
  A worm (D:2)
  A dart slug (D:2)
  An orc (D:4)
  A ball python (D:1)
  3 endoplasms
  A goblin (D:2)
  2 hobgoblins
  2 kobolds
16 creatures vanquished.

Notes
Turn   | Place    | Note
-------+----------+-------------------------------------------
     0 | D:1      | Psyclone the Deep Elf Conjurer began the quest for the Orb.
     0 | D:1      | Reached XP level 1. HP: 10/10 MP: 6/6
     0 | D:1      | Noticed a minotaur
     0 | D:1      | Noticed a gargoyle
     3 | D:1      | Noticed an elf
     5 | D:1      | Noticed a dwarf
     7 | D:1      | Noticed a dwarf
     8 | D:1      | Noticed a vine stalker
    10 | D:1      | Noticed an octopode
    10 | D:1      | Noticed an elf
    12 | D:1      | Noticed an octopode
    13 | D:1      | Noticed a demigod
    14 | D:1      | Noticed a gargoyle
    17 | D:1      | Noticed a demonspawn
    19 | D:1      | Noticed a vampire
    19 | D:1      | Noticed an octopode
   460 | D:2      | Reached skill level 5 in Conjurations
   460 | D:2      | Reached XP level 2. HP: 15/15 MP: 0/8
   528 | D:2      | Learned a level 2 spell: Searing Ray
   812 | D:4      | Reached XP level 3. HP: 15/19 MP: 0/9
   816 | D:4      | Learned a level 3 spell: Dazzling Flash
   938 | D:4      | Reached skill level 6 in Conjurations
   987 | D:5      | Entered Level 5 of the Dungeon
  1008 | D:5      | Reached XP level 4. HP: 12/24 MP: 2/10
  1018 | D:5      | Slain by a gnoll

Illustrated notes

Levels and vault maps discovered:
D:1:      shiori_arrival_whats_in_store_for_you, layout_basic
D:2:      layout_rooms, serial_shops, shop, basic_altar
D:3:      layout_rooms, lemuel_tele_altar, nicolae_overflow_hallway_of_the_gods,
          chequers_serial_rivers_small_3
D:4:      layout_cave_pods, serial_shops, kennysheep_mini, uniq_duvessa
D:5:      layout_basic

Skill      XL: |  1  2  3 |
---------------+----------+-----
Conjurations   | 5 6 |  6.2
Dodging        | |  2.4
Stealth        | |  2.4
Spellcasting   | |  3.0

Action                     |  1- 3 |  4- 6 || total
---------------------------+-------+-------++-------
  Melee: Dagger            |    14 |       ||    14
         Unarmed           |     1 |       ||     1
   Cast: Magic Dart        |    35 |       ||    35
         Searing Ray       |     4 |     1 ||     5
 Armour: Robe              |     1 |       ||     1
  Dodge: Dodged            |    13 |       ||    13
